 Dungeon Crawl Stone Soup version 0.28.0-53-g5a82cb258f (webtiles) character file.

Game seed: 4164875174455972277

53 pkoi the Ruffian (level 3, -7/29 HPs)
             Began as a Demigod Gladiator on May 27, 2022.
             Mangled by a gnoll
             ... wielding a +0 halberd
              (8 damage)
             ... on level 2 of the Dungeon.
             The game lasted 00:03:43 (1685 turns).

pkoi the Ruffian (Demigod Gladiator)                Turns: 1685, Time: 00:03:44

Health: -7/29      AC:  4    Str: 19    XL:     3   Next: 41%
Magic:  5/5        EV: 12    Int: 10    God:
Gold:   46         SH:  0    Dex: 15    Spells: 2/2 levels left

rFire   . . .      SeeInvis .     - Unarmed
rCold   . . .      Faith    .   (no shield)
rNeg    . . .      Spirit   .   a - +0 leather armour
rPois   .          Reflect  .   b - +0 helmet
rElec   .          Harm     .   (no cloak)
rCorr   .          Rampage  .   (no gloves)
Will    .....                   (no boots)
Stlth   +.........              (no amulet)
HPRegen 0.09/turn               (no ring)
MPRegen 0.09/turn               (no ring)

@: no status effects
A: high MP 1, forlorn, divine attributes
a: no special abilities


You were on level 2 of the Dungeon.
You visited 1 branch of the dungeon, and saw 2 of its levels.

You collected 46 gold pieces.

Inventory:

Hand Weapons
 d - a +0 whip
 f - a +1 short sword of draining
Missiles
 c - 3 throwing nets (quivered)
Armour
 a - a +0 leather armour (worn)
 b - a +0 helmet (worn)
Scrolls
 h - 3 scrolls of fear {unknown}
 i - a scroll of vulnerability {unknown}
 k - a scroll of acquirement {unknown}
Potions
 e - 2 potions of curing {unknown}
 g - a potion of brilliance {unknown}
 j - a potion of resistance {unknown}
 l - a potion of invisibility {unknown}
 m - a potion of degeneration {unknown}


   Skills:
 - Level 1.7 Fighting
 - Level 1.7 Throwing
 - Level 2.6 Dodging
 + Level 4.2 Unarmed Combat


You had 2 spell levels left.
You didn't know any spells.
Your spell library was empty.

Dungeon Overview and Level Annotations

Branches:
Dungeon (2/15)


Innate Abilities, Weirdness & Mutations

You have an increased reservoir of magic. (+10% MP)
You shall have no god before yourself.
Your divine heritage dramatically boosts your attributes as you level up.


Message History

You hit the frilled lizard. You punch the frilled lizard.
You kill the frilled lizard!
You see here a frilled lizard corpse.
m - a smoky purple potion
Found an opulent altar of Gozag.
Found a robe.
No target in view!
No target in view!
No target in view!
No target in view!
No target in view!
No target in view!
No target in view!
No target in view!
No target in view!
Found 8 stones.
Found a stone staircase leading down.
No target in view!
No target in view!
No target in view! 4 gnolls come into view.
The gnoll shouts! x2
There are monsters nearby!
There are monsters nearby!
The gnoll shouts!
Found a stone staircase leading up.
The gnoll closely misses you.
There is an open door here.
There is a stone staircase leading up here.
The gnoll closely misses you.
You completely miss the gnoll. The gnoll hits you with a +0 halberd!
* * * LOW HITPOINT WARNING * * *
You completely miss the gnoll. The gnoll hits you with a +0 halberd!
* * * LOW HITPOINT WARNING * * *
The gnoll closely misses you.
The gnoll hits you from afar with a +0 halberd!
* * * LOW HITPOINT WARNING * * *
There is a stone staircase leading up here.
The gnoll hits you from afar with a +0 halberd!
You die...

..#####......###
......'.....>..
#######......##
....#......+
#.....#......#
......#......#
....###......#
....##.......# ###
....##.......# #@#
....##.......###.#
....##......g'gg.#
....##.......#####
....##.#g#####
....##.#.#
....##...#####
......g......#
##...........#


You could see a gnoll.

Vanquished Creatures
  A worm (D:2)
  A dart slug (D:1)
  A ball python (D:2)
  3 endoplasms
  4 giant cockroaches
  5 hobgoblins
  2 quokkas
  4 bats
  5 frilled lizards
  7 goblins
  5 kobolds
  10 rats
48 creatures vanquished.

Notes
Turn   | Place    | Note
-------+----------+-------------------------------------------
     0 | D:1      | pkoi the Demigod Gladiator began the quest for the Orb.
     0 | D:1      | Reached XP level 1. HP: 17/17 MP: 3/3
    52 | D:1      | Reached skill level 3 in Unarmed Combat
   356 | D:1      | Reached XP level 2. HP: 21/23 MP: 4/4
  1241 | D:2      | Reached XP level 3. HP: 27/29 MP: 5/5
  1282 | D:2      | Reached skill level 4 in Unarmed Combat
  1684 | D:2      | HP: 1/29 [gnoll/+0 halberd (7)]
  1685 | D:2      | Mangled by a gnoll

Illustrated notes

Levels and vault maps discovered:
D:1:      lemuel_arrival_funnel, layout_basic, minmay_pentomino_z2
D:2:      minmay_evil_eye, layout_basic, basic_altar, minmay_close_crescents

Skill      XL: |  1  2  3 |
---------------+----------+-----
Unarmed Combat | 3 4 |  4.2
Fighting       | |  1.7
Throwing       | |  1.7
Dodging        | |  2.6

Action                   || total
-------------------------++-------
Melee: Unarmed           ||   159
       Punch             ||     7
 Stab: Sleeping          ||     2
Armor: Leather armour    ||    42
Dodge: Dodged            ||    84
